 Dungeon Crawl Stone Soup version 0.16-a0-3933-g06ce5c0 (webtiles) character file.

8197 timbw the Severer (level 11, -1/103 HPs)
             Began as a Minotaur Berserker on Feb 5, 2015.
             Was a High Priest of Trog.
             Slain by an orc warrior
             ... wielding a +0 flail
             ... led by an orc warlord
              (16 damage)
             ... on level 4 of the Orcish Mines.
             The game lasted 00:17:48 (3243 turns).

timbw the Severer (Minotaur Berserker)              Turns: 3243, Time: 00:17:48

Health: -1/103     AC: 16    Str: 24    XL:     11   Next: 6%
Magic:  0/4        EV:  7    Int:  4    God:    Trog [*****.]
Gold:   955        SH:  0    Dex: 11    Spells: 0 memorised, 10 levels left

rFire  . . .     SeeInvis .     t - +0 battleaxe
rCold  + . .     Clarity  .     h - +0 plate armour
rNeg   . . .     SustAb   .     (no shield)
rPois  .         Gourm    .     (helmet restricted)
rElec  .         Spirit   +     r - +1 cloak
rCorr  .         Warding  .     o - +0 pair of gloves
rMut   .         Stasis   .     (no boots)
MR     ++...                    g - amulet of guardian spirit
Stlth  ..........               (no ring)
                                l - ring of protection from cold

@: exhausted, about to teleport, regenerating, slowed, very slow, very resistant
to hostile enchantments, extremely unstealthy
A: retaliatory headbutt, horns 2
a: Burn Spellbooks, Berserk, Trog's Hand, Brothers in Arms, Renounce Religion


You were on level 4 of the Orcish Mines.
You worshipped Trog.
Trog was extremely pleased with you.
You were near starving.

You visited 3 branches of the dungeon, and saw 14 of its levels.

You collected 955 gold pieces.

Inventory:

Hand weapons
 a - a +0 hand axe
 m - a +0 war axe
 p - a +3 hand axe
 t - a +0 battleaxe (weapon)
Armour
 b - a +0 animal skin
 h - a +0 plate armour (worn)
 i - a +0 cloak
 k - a +0 pair of gloves
 o - a +0 pair of gloves (worn)
 r - a +1 cloak (worn)
Jewellery
 g - an amulet of guardian spirit (around neck)
 l - a ring of protection from cold (left hand)
Magical devices
 q - a wand of fireball (4)
Scrolls
 e - a scroll of teleportation
 f - a scroll of amnesia
 j - a scroll of magic mapping {unknown}
Potions
 d - a potion of poison {unknown}
 s - 2 potions of lignification {unknown}
Comestibles
 n - a meat ration


   Skills:
 + Level 11.6 Fighting
 * Level 15.3 Axes
 + Level 6.8 Armour
 - Level 2.1 Dodging


You had 10 spell levels left.
You didn't know any spells.

Dungeon Overview and Level Annotations

Branches:
Dungeon (10/15)               Orc (4/4) D:10            Elf (1/3) Orc:3
 Temple: D:4-7         Lair: D:8-11

Altars:
Ashenzari
Dithmenos
Okawaru
Sif Muna
Beogh

Shops:
Orc:2 [


Innate Abilities, Weirdness & Mutations

You reflexively headbutt those who attack you in melee.
You have a pair of horns on your head.


Message History

You hit the orc warrior.
The orc warrior is lightly wounded.
The orc warrior hits you with a flail. x2
Unknown command.
You hit the orc warrior but do no damage.
The orc warrior is lightly wounded.
You slash the orc warrior!
The orc warrior is heavily wounded.
The orc warrior hits you with a flail!! The orc warrior hits you with a flail!
* * * LOW HITPOINT WARNING * * *
The orc warrior hits you with a flail.
* * * LOW HITPOINT WARNING * * *
Unknown command.
Read which item? (? for menu, Esc to quit)
As you read the scroll of teleportation, it crumbles to dust.
You feel strangely unstable. The orc warrior closely misses you.
The orc warrior hits you with a flail.
* * * LOW HITPOINT WARNING * * *
The orc warrior hits you with a flail!
You die...

#.).(#.....####.######...#
####.#..#..........####
#.....#
#..#.####.#####.####..#
##.....
#..'...)))#...#....).[#
#.##..
#..#....#)#...#....#..#
#.. ..
####....#)##)##....####
#..# . #....#...)o.....#
..## #.##'###)###o##.# #
#.#..)##[##@o.#.#
..#...##o##)..#..
#########o#########
####...oooo..####
#.......8.8.......
...........o.....
...##.......##.. .#
#........o# #
.....8.8..o..


You could see 2 orc warriors.

Vanquished Creatures
  An orc sorcerer (Orc:4)
  2 cyclopes (Orc:3)
  Maurice (Orc:4)
  Psyche (Orc:4)
  4 trolls
  A two-headed ogre (Orc:4)
  6 wargs
  20 orc warriors
  A black bear (D:7)
  A phantom (D:10)
  7 ogres
  A giant frog (D:10)
  A hound (D:7)
  A centaur skeleton (D:6)
  9 orc wizards
  21 orc priests
  A worker ant (D:10)
  2 adders
  A worm (D:2)
  An ooze (D:6)
  150 orcs
  2 bats
  A bat zombie (D:7)
  3 giant cockroaches
  10 goblins
  4 hobgoblins
  3 kobolds
  2 quokkas (D:2)
  A ball python (D:6)
  An orc skeleton (Orc:4)
  3 orc zombies (Orc:4)
  A quokka skeleton (D:5)
  3 rats
267 creatures vanquished.

Vanquished Creatures (collateral kills)
  An orc warlord (Orc:4)
  An orc warrior (Orc:4)
2 creatures vanquished.

Vanquished Creatures (others)
  A two-headed ogre (Orc:4)
  A kobold (D:8)
2 creatures vanquished.

Grand Total: 271 creatures vanquished

Notes
Turn   | Place    | Note
--------------------------------------------------------------
     0 | D:1      | timbw, the Minotaur Berserker, began the quest for the Orb.
     0 | D:1      | Reached XP level 1. HP: 19/19 MP: 1/1
   197 | D:2      | Reached skill level 4 in Axes
   197 | D:2      | Reached XP level 2. HP: 27/27 MP: 1/1
   218 | D:3      | Found a shattered altar of Ashenzari.
   310 | D:3      | You fall through a shaft!
   310 | D:5      | Entered Level 5 of the Dungeon
   320 | D:5      | Reached XP level 3. HP: 23/33 MP: 2/2
   427 | D:6      | Reached skill level 5 in Axes
   437 | D:6      | Noticed a centaur
   437 | D:6      | HP: 1/34 [centaur/arrow (4)]
   444 | D:6      | Reached XP level 4. HP: 19/41 MP: 2/2
   445 | D:7      | Noticed a black bear
   454 | D:7      | Killed a black bear
   454 | D:7      | Reached skill level 5 in Fighting
   454 | D:7      | Reached skill level 6 in Axes
   454 | D:7      | Reached XP level 5. HP: 22/48 MP: 2/2
   587 | D:7      | Found a shadowy altar of Dithmenos.
   618 | D:9      | Noticed a hungry ghost
   622 | D:10     | Entered Level 10 of the Dungeon
   622 | D:10     | Noticed a troll
   632 | D:10     | Killed a troll
   632 | D:10     | Reached skill level 7 in Axes
   632 | D:10     | Reached XP level 6. HP: 57/57 MP: 3/3
   634 | D:10     | Acquired Trog's second power
   668 | D:10     | Noticed a phantom
   692 | D:10     | Killed a phantom
   692 | D:10     | Reached skill level 8 in Axes
   692 | D:10     | Reached XP level 7. HP: 46/63 MP: 1/3
   697 | D:10     | Noticed an ogre
   708 | D:10     | Killed an ogre
   725 | D:10     | Noticed an ogre
   728 | D:10     | Noticed a warg
   732 | D:10     | Killed an ogre
   734 | D:10     | Reached skill level 9 in Axes
   738 | D:10     | Noticed a warg
   740 | D:10     | Killed a warg
   751 | D:10     | Killed a warg
   751 | D:10     | Reached XP level 8. HP: 57/73 MP: 2/3
   779 | D:10     | Found a staircase to the Orcish Mines.
   801 | D:10     | Reached skill level 10 in Axes
   818 | Orc:1    | Entered Level 1 of the Orcish Mines
   937 | Orc:1    | Found a roughly hewn altar of Beogh.
   943 | Orc:1    | Reached skill level 11 in Axes
  1036 | Orc:2    | Found Idaecan's Antique Armour Shoppe.
  1271 | Orc:3    | Found a staircase to the Elven Halls.
  1271 | Orc:3    | Noticed a cyclops
  1676 | Orc:3    | Killed a cyclops
  1676 | Orc:3    | Reached skill level 12 in Axes
  1676 | Orc:3    | Reached XP level 9. HP: 59/83 MP: 2/4
  1678 | Orc:3    | Found a deep blue altar of Sif Muna.
  1726 | Orc:2    | Noticed an orc high priest
  1749 | Orc:2    | Found an iron altar of Okawaru.
  1917 | Orc:3    | Acquired Trog's third power
  1988 | Orc:3    | Noticed a cyclops
  2001 | Orc:3    | Killed a cyclops
  2094 | Elf:1    | Entered Level 1 of the Elven Halls
  2148 | Orc:4    | Entered Level 4 of the Orcish Mines
  2235 | Orc:4    | Reached skill level 13 in Axes
  2492 | Orc:4    | Noticed an orc sorcerer
  2528 | Orc:4    | Noticed a rust devil
  2532 | Orc:4    | Noticed an orange demon
  2536 | Orc:4    | Killed an orc sorcerer
  2536 | Orc:4    | Reached skill level 10 in Fighting
  2606 | Orc:4    | Noticed Psyche
  2614 | Orc:4    | Killed Psyche
  2614 | Orc:4    | Reached XP level 10. HP: 93/93 MP: 4/4
  2648 | Orc:4    | Received a gift from Trog
  2710 | Orc:4    | Reached skill level 14 in Axes
  2748 | Orc:4    | Noticed Maurice
  2768 | Orc:4    | Killed Maurice
  2819 | Orc:4    | Reached skill level 5 in Armour
  3135 | Orc:4    | Received a gift from Trog
  3202 | Orc:4    | Reached skill level 15 in Axes
  3205 | Orc:4    | Noticed an orc warlord
  3232 | Orc:4    | Killed an orc warlord
  3232 | Orc:4    | Reached XP level 11. HP: 64/103 MP: 4/4
  3243 | Orc:4    | Slain by an orc warrior

Action                   |  1- 3 |  4- 6 |  7- 9 | 10-12 || total
-------------------------+-------+-------+-------+-------++-------
Melee: Hand axe          |    53 |    42 |   186 |       ||   281
       War axe           |       |       |    68 |   188 ||   256
       Battleaxe         |       |       |       |    36 ||    36
Invok: Berserk           |     1 |     2 |     9 |     2 ||    14
       Trog's Hand       |       |       |     9 |     6 ||    15
       Brothers in Arms  |       |       |       |     1 ||     1
  Use: Potion            |     2 |       |       |       ||     2
       Scroll            |       |       |     2 |     1 ||     3
  Eat: Chunk             |       |     2 |    11 |     5 ||    18
       Beef jerky        |       |     1 |       |       ||     1
       Bread ration      |       |       |     1 |       ||     1
